 Dungeon Crawl Stone Soup version 0.23-b1-6-ga921848b48 (webtiles) character file.

Game seed: 14016707222441205614

154 Ihlosi the Skirmisher (level 5, -3/29 HPs)
             Began as a Kobold Fighter on Feb 2, 2019.
             Killed from afar by an orc wizard (4 damage)
             ... with a puff of flame
             ... on level 4 of the Dungeon.
             The game lasted 00:05:25 (3055 turns).

Ihlosi the Skirmisher (Kobold Fighter)              Turns: 3055, Time: 00:05:26

Health: -3/29      AC:  6    Str: 14    XL:     5   Next: 63%
Magic:  5/5        EV:  9    Int: 10    God:
Gold:   112        SH:  9    Dex: 14    Spells: 4/4 levels left

rFire    . . .     SeeInvis .   a - +0 flail
rCold    . . .     Gourm    .   c - +0 shield
rNeg     . . .     Faith    .   b - +0 scale mail
rPois    .         Spirit   .   (no helmet)
rElec    .         Reflect  .   (no cloak)
rCorr    .         Harm     .   (no gloves)
MR       .....                  (no boots)
Stlth    ..........             (no amulet)
HPRegen  0.09/turn              (no ring)
MPRegen  0.09/turn              (no ring)

@: no status effects
A: small, carnivore, frail 1, mutation resistance 1
a: no special abilities


You were on level 4 of the Dungeon.
You were not hungry.

You visited 1 branch of the dungeon, and saw 4 of its levels.

You collected 112 gold pieces.

Inventory:

Hand Weapons
 a - a +0 flail (weapon)
Missiles
 l - 6 needles of sleeping
Armour
 b - a +0 scale mail (worn)
 c - a +0 shield (worn)
Jewellery
 p - an uncursed ring of poison resistance {unknown}
Wands
 d - a wand of polymorph (5)
Scrolls
 e - 2 scrolls of teleportation {unknown}
 h - a scroll of remove curse {unknown}
 j - 2 scrolls of identify {unknown}
 k - a scroll of enchant weapon {unknown}
 m - a scroll of blinking {unknown}
 n - a scroll of fog {unknown}
 o - a scroll of noise {unknown}
Potions
 i - a potion of flight
Comestibles
 f - 8 rations


   Skills:
 * Level 4.0 Fighting
 * Level 2.9 Maces & Flails
 * Level 3.1 Armour
 * Level 1.4 Dodging
 * Level 3.1 Shields
 * Level 0.2 Evocations


You had 4 spell levels left.
You didn't know any spells.
Your spell library was empty.

Dungeon Overview and Level Annotations

Branches:
Dungeon (4/15)
 Temple: D:4-7

Altars:
Gozag
Trog
Xom


Innate Abilities, Weirdness & Mutations

You are small and have problems with some larger weapons.
You are carnivorous and can eat meat at any time.
You are frail. (-10% HP)
You are somewhat resistant to further mutation.


Message History

You miss something. Something hits you but does no damage.
You block something's attack.
You barely miss something. Something hits you but does no damage.
You hit something. You block something's attack.
You closely miss something. Something hits you but does no damage.
You hear some strange, mumbled words.
A puff of flame appears from out of thin air!
The puff of flame hits you!
* * * LOW HITPOINT WARNING * * *
Your shield and scale mail prevent you from hitting something.
You hear some strange, mumbled words.
A magic dart appears from out of thin air!
The magic dart hits you.
* * * LOW HITPOINT WARNING * * *
It was a potion of mutation.
You feel extremely strange.
You feel frail.
You feel genetically stable.
You hear some strange, mumbled words.
A puff of flame appears from out of thin air!
The puff of flame hits you.
You die...

########.#
#...@{o..#
#.########
#.# #.#
#.# #.#
#.#
#.########
#........#


You could see an orc.

Vanquished Creatures
  Ijyb (D:3)
  An orc wizard (D:4)
  3 adders
  2 worms
  2 dart slugs
  3 leopard geckos
  A ball python (D:1)
  7 bats
  3 giant cockroaches
  9 goblins
  11 hobgoblins
  4 jackals (D:1)
  3 frilled lizards
  8 kobolds
  5 rats
63 creatures vanquished.

Vanquished Creatures (others)
  An orc wizard (D:4)
  An iguana (D:4)
2 creatures vanquished.

Grand Total: 65 creatures vanquished

Notes
Turn   | Place    | Note
-------+----------+-------------------------------------------
     0 | D:1      | Ihlosi the Kobold Fighter began the quest for the Orb.
     0 | D:1      | Reached XP level 1. HP: 14/14 MP: 1/1
   135 | D:1      | Reached XP level 2. HP: 19/19 MP: 2/2
   255 | D:1      | Reached XP level 3. HP: 15/23 MP: 3/3
  1171 | D:2      | Reached XP level 4. HP: 29/29 MP: 4/4
  1186 | D:2      | Reached skill level 1 in Dodging
  1548 | D:2      | Found a bloodstained altar of Trog.
  2252 | D:3      | Reached XP level 5. HP: 23/33 MP: 5/5
  2587 | D:3      | Noticed Ijyb
  2600 | D:3      | Killed Ijyb
  2901 | D:4      | Found a shimmering altar of Xom.
  2977 | D:4      | Found an opulent altar of Gozag.
  3035 | D:4      | Reached skill level 4 in Fighting
  3054 | D:4      | HP: 1/33 [something/magic dart (3)]
  3055 | D:4      | Gained mutation: You are frail. (-10% HP) [potion of
                  | mutation]
  3055 | D:4      | Gained mutation: You are somewhat resistant to further
                  | mutation. [potion of mutation]
  3055 | D:4      | Killed from afar by an orc wizard

Skill      XL: |  1  2  3  4  5 |
---------------+----------------+-----
Maces & Flails | 2 |  2.9
Dodging        | 1 |  1.4
Armour         | 3 |  3.1
Shields        | 3 |  3.1
Fighting       | 4 |  4.0
Evocations     | |  0.2

Action                   |  1- 3 |  4- 6 || total
-------------------------+-------+-------++-------
Melee: Flail             |   122 |   156 ||   278
       Unarmed           |       |     9 ||     9
  Use: Potion            |     4 |     3 ||     7
 Stab: Confused          |       |     4 ||     4
  Eat: Chunk             |     1 |     9 ||    10
Armor: Scale mail        |    53 |    63 ||   116
       Skin              |    10 |     1 ||    11
Dodge: Dodged            |    44 |    52 ||    96
Block: Shield            |    69 |    68 ||   137
